 Dungeon Crawl Stone Soup version 0.28.0-45-g0d030f2227 (webtiles) character file.

Game seed: 3692884993420185909

35 terff the Chopper (level 3, 0/33 HPs)
             Began as a Hill Orc Monk on Apr 3, 2022.
             Succumbed to an adder's poison
             ... on level 2 of the Dungeon.
             The game lasted 00:01:33 (995 turns).

terff the Chopper (Hill Orc Monk)                    Turns: 995, Time: 00:01:34

Health: 0/33       AC:  8    Str: 15    XL:     3   Next: 33%
Magic:  3/3        EV:  7    Int: 10    God:
Gold:   55         SH:  0    Dex: 13    Spells: 2/2 levels left

rFire   . . .      SeeInvis .   a - +0 hand axe
rCold   . . .      Faith    .   (no shield)
rNeg    . . .      Spirit   .   f - +0 chain mail
rPois   .          Reflect  .   (no helmet)
rElec   .          Harm     .   (no cloak)
rCorr   .          Rampage  .   (no gloves)
Will    .....                   (no boots)
Stlth   ..........              (no amulet)
HPRegen 0.11/turn               (no ring)
MPRegen 0.08/turn               (no ring)

@: lethally poisoned (0 -> -2)
A: no striking features
a: no special abilities


You were on level 2 of the Dungeon.
You visited 1 branch of the dungeon, and saw 2 of its levels.

You collected 55 gold pieces.

Inventory:

Hand Weapons
 a - a +0 hand axe (weapon)
Armour
 b - a +0 robe
 f - a +0 chain mail (worn)
Scrolls
 d - a scroll of immolation
 h - a scroll of teleportation {unknown}
Potions
 c - 2 potions of mutation {unknown}
 e - a potion of curing {unknown}
 g - 2 potions of might {unknown}


   Skills:
 + Level 4.2 Fighting
 + Level 4.7 Axes
 + Level 0.1 Armour
 + Level 2.8 Dodging
 + Level 1.5 Stealth


You had 2 spell levels left.
You didn't know any spells.
Your spell library was empty.

Dungeon Overview and Level Annotations

Branches:
Dungeon (2/15)

Altars:

Shops:
D:1 :


Message History

You hit the hobgoblin but do no damage. The hobgoblin barely misses you.
The adder bites you.
You are poisoned.
The adder poisons you!
You miss the adder.
The adder is almost dead.
You barely miss the hobgoblin.
You feel sick. The adder bites you but does no damage.
The hobgoblin barely misses you.
You barely miss the adder.
The adder is almost dead.
You hit the hobgoblin but do no damage.
You feel sick. The adder closely misses you.
The hobgoblin hits you but does no damage.
The adder bites you but does no damage.
You hit the adder but do no damage.
The adder is almost dead.
You hit the hobgoblin.
You feel sick. The hobgoblin completely misses you. The adder bites you.
You are more poisoned.
The adder poisons you! The hobgoblin closely misses you.
You hit the adder.
You kill the adder!
You closely miss the hobgoblin.
You feel sick.
The hobgoblin hits you but does no damage.
You feel sick.
The hobgoblin hits you but does no damage.
You closely miss the hobgoblin.
The hobgoblin is moderately wounded.
You feel sick.
The hobgoblin hits you but does no damage.
You barely miss the hobgoblin.
The hobgoblin is moderately wounded.
You feel sick. The hobgoblin closely misses you.
You barely miss the hobgoblin.
The hobgoblin is moderately wounded.
You feel sick. The hobgoblin hits you.
* * * LOW HITPOINT WARNING * * *
You hit the hobgoblin but do no damage.
The hobgoblin is moderately wounded.
You die...

# ###### .# ..#.#
##.. ## ##..#.##.#
.### ##..###...# ...
#<##.#.##.###.#
#.####..###..@####.#
... ##......g.....#
..##.
#.######[...... . ..
#.## ####.## ## ...
# ###. #. #. ##


You could see a hobgoblin.

Vanquished Creatures
  An adder (D:2)
  3 endoplasms
  3 goblins (D:1)
  4 hobgoblins (D:1)
  A quokka (D:1)
  2 ball pythons (D:1)
  2 bats (D:1)
  3 frilled lizards
  2 kobolds (D:1)
  3 rats (D:1)
24 creatures vanquished.

Notes
Turn   | Place    | Note
-------+----------+-------------------------------------------
     0 | D:1      | terff the Hill Orc Monk began the quest for the Orb.
     0 | D:1      | Reached XP level 1. HP: 19/19 MP: 1/1
   247 | D:1      | Found Reosas's Book Emporium.
   391 | D:1      | Reached XP level 2. HP: 24/27 MP: 2/2
   729 | D:1      | Found a faded altar of an unknown god.
   771 | D:1      | Reached XP level 3. HP: 33/33 MP: 3/3
   995 | D:2      | Succumbed to an adder's poison

Illustrated notes

Levels and vault maps discovered:
D:1:      eino_arrival_water_star, layout_loops_ring, basic_ecumenical_altar,
          serial_shops, shop, nicolae_concentric_dashed_squares_wild
D:2:      layout_loops_ring, basic_altar, minmay_pentomino_r2, uniq_sigmund,
          uniq_terence, uniq_jessica, uniq_robin

Skill      XL: |  1  2 |
---------------+-------+-----
Fighting       | 4 |  4.2
Axes           | |  4.7
Armour         | |  0.1
Dodging        | |  2.8
Stealth        | |  1.5

Action                   || total
-------------------------++-------
Melee: Hand axe          ||    76
       Punch             ||     2
  Use: Scroll            ||     1
Armor: Robe              ||     2
       Chain mail        ||    42
Dodge: Dodged            ||    44
